 Dungeon Crawl Stone Soup version 0.18-a0-1778-gadce9fa (webtiles) character file.

4358 nono the Blocker (level 10, -1/81 HPs)
             Began as a Deep Dwarf Fighter on Apr 16, 2016.
             Was a Priest of Makhleb.
             Slain by a boulder beetle (32 damage)
             ... on level 8 of the Dungeon.
             The game lasted 00:20:40 (5698 turns).

nono the Blocker (Deep Dwarf Fighter)               Turns: 5698, Time: 00:20:41

Health: -1/81      AC: 11    Str: 23      XL:     10   Next: 12%
Magic:  14/14      EV:  9    Int:  9      God:    Makhleb [***...]
Gold:   272        SH: 12    Dex: 11 (12) Spells: 0 memorised, 9 levels left

rFire  . . .     SeeInvis .     s - +1 short sword (elec)
rCold  . . .     Gourm    .     b - +0 scale mail
rNeg   . . .     Faith    .     c - +0 shield
rPois  .         Spirit   .     O - +0 helmet
rElec  .         Dismiss  .     (no cloak)
rCorr  .         Reflect  .     h - +0 pair of gloves
SustAt .         Harm     .     (no boots)
MR     +....                    (no amulet)
Stlth  +.........               J - ring of stealth
                                v - ring of magical power

@: non-regenerating, somewhat resistant to hostile enchantments, very unstealthy
A: damage resistance, recharge devices, sense surroundings 2, slow regeneration
3
a: Device Recharging, Minor Destruction, Lesser Servant of Makhleb, Renounce
Religion


You were on level 8 of the Dungeon.
You worshipped Makhleb.
Makhleb was most pleased with you.
You were not hungry.

You visited 2 branches of the dungeon, and saw 9 of its levels.
You also visited: Sewer and Ossuary.

You collected 272 gold pieces.

Inventory:

Hand Weapons
 a - a +0 war axe
 s - a +1 short sword of electrocution (weapon)
 t - a +0 battleaxe
Armour
 b - a +0 scale mail (worn)
 c - a +0 shield (worn)
 h - a +0 pair of gloves (worn)
 O - a +0 helmet (worn)
Jewellery
 v - a ring of magical power (left hand)
 F - an uncursed amulet of regeneration
 H - an uncursed amulet of guardian spirit
 J - a ring of stealth (right hand)
 N - a cursed ring of loudness {unknown}
 T - an uncursed amulet of harm {unknown}
Wands
 e - a wand of heal wounds (0/9)
 A - a wand of random effects (12/48)
 I - a wand of lightning (6/15)
 M - a wand of random effects (31/48)
Scrolls
 g - a scroll of magic mapping
 i - 5 scrolls of identify
 k - 9 scrolls of random uselessness
 r - 7 scrolls of remove curse
 w - 2 scrolls of fear
 x - 5 scrolls of teleportation
 y - 2 scrolls of fog
 D - 2 scrolls of amnesia
 G - a scroll of recharging
Potions
 d - 4 potions of might
 j - 4 potions of flight
 m - 6 potions of curing
 o - 3 potions of heal wounds
 p - a potion of lignification {unknown}
 q - a potion of cure mutation {unknown}
 z - 2 potions of magic {unknown}
 B - a potion of haste {unknown}
 C - a potion of brilliance {unknown}
 E - 3 potions of agility {unknown}
 P - 4 potions of mutation {unknown}
 Q - 3 potions of degeneration {unknown}
 R - a potion of ambrosia {unknown}
Comestibles
 f - 6 bread rations
 l - 2 meat rations
 n - 4 fruits
 u - a royal jelly
 K - 2 beef jerkies
 L - 7 slices of pizza
 S - a chunk of flesh


   Skills:
 - Level 2.6 Fighting
 + Level 9.7 Axes
 + Level 9.8 Armour
 + Level 9.8 Shields
 + Level 0.0 Invocations


You had 9 spell levels left.
You didn't know any spells.

Dungeon Overview and Level Annotations

Branches:
Dungeon (8/15)             Temple (1/1) D:5
   Lair: D:8-11

Altars:
Ashenzari
Cheibriados
Dithmenos
Elyvilon
Fedhas
Gozag
Kikubaaqudgha
Makhleb
Nemelex Xobeh
Okawaru
Ru
Sif Muna
Vehumet
Yredelemnul
Zin
The Shining One

Annotations:
D:3 Zhenya25pyc's ghost, amateur GrFi


Innate Abilities, Weirdness & Mutations

You are resistant to damage.
You can recharge devices by infusing magical energy.
You passively map the area around you.
You do not regenerate naturally.


Message History

You hit the boulder beetle but do no damage.
The boulder beetle is lightly wounded.
Your neqoxec hits the boulder beetle but does no damage.
The boulder beetle misses you.
You hit the boulder beetle but do no damage.
The boulder beetle is lightly wounded.
Your neqoxec hits the boulder beetle but does no damage.
You block the boulder beetle's attack.
Your shield and scale mail prevent you from hitting the boulder beetle.
The boulder beetle is lightly wounded.
Your neqoxec hits the boulder beetle but does no damage.
You hit the boulder beetle but do no damage.
There is a sudden explosion of sparks!
The boulder beetle is moderately wounded.
Your neqoxec hits the boulder beetle. You block the boulder beetle's attack.
Your neqoxec hits the boulder beetle but does no damage.
You hit the boulder beetle but do no damage.
The boulder beetle is moderately wounded.
The boulder beetle bites you!!
You die...

#...#######....##.### *,,,
###..##......#.##.## *,*,
##....###.##.##..## *,*,
###...#..†#.##.###..# *,*,
....#####)..##.# ##†##########,*.
##### #..##..# #(..)).#...,,o.
#..##.## ######)#.#.,...
#[.##.##########...#...,.
#########.....3B@....#.....#.#*..
#............†.#####÷..###...##.#
#............#.#.##...## ##.(.<.#
......###..###.#.....######<.†#.#
#.....###..###.#..........#..(..#
########.....#.#.########.#...###
#...#..#.#,*,,,,,,#.#...#
#..##..#.#,*,****,#.#...#
#..##..#.#,*,*,**,#....(###


You could see a boulder beetle and a friendly neqoxec.

Vanquished Creatures
  Pikel (D:7)
  Grinder (D:4)
  A yak (D:7)
  A human (D:7)
  Menkaure (D:4)
  Edmund (D:5)
  An ice beast (D:7)
  An orc warrior (D:8)
  A phantom (D:8)
  A slave (D:7)
  A wasp (D:8)
  A black bear (D:6)
  3 ogres (D:8)
  3 centaurs
  A big kobold (D:7)
  6 giant frogs
  A water moccasin skeleton (D:5)
  2 scorpions
  3 killer bees (D:8)
  5 wights (D:7)
  4 howler monkeys
  2 crimson imps (D:8)
  A quasit (D:7)
  A hound (D:8)
  A human zombie (Ossuary)
  5 orc priests
  A centaur skeleton (D:6)
  2 iguanas
  6 orc wizards
  6 worker ants
  A killer bee zombie (D:5)
  3 sheep (D:7)
  2 hound skeletons (D:5)
  3 mummies (Ossuary)
  A worker ant zombie (D:5)
  19 adders
  5 river rats (Sewer)
  An ooze (D:1)
  An adder zombie (D:8)
  An adder skeleton (D:7)
  2 worms (D:2)
  A dart slug (D:1)
  8 giant geckos
  18 orcs
  7 giant cockroaches
  2 gnoll zombies (Ossuary)
  4 goblins
  2 hobgoblins (D:2)
  13 ball pythons
  5 bats
  A giant cockroach zombie (D:6)
  A giant gecko skeleton (D:5)
  6 giant newts
  A goblin zombie (Ossuary)
  2 hobgoblin zombies (Ossuary)
  13 kobolds
  A kobold zombie (Ossuary)
  An orc zombie (Ossuary)
  A quokka skeleton (D:6)
  25 rats
216 creatures vanquished.

Vanquished Creatures (collateral kills)
  An adder (D:8)
1 creature vanquished.

Vanquished Creatures (others)
  3 slaves (D:7)
  A giant frog (D:7)
  A howler monkey (D:7)
5 creatures vanquished.

Grand Total: 222 creatures vanquished

Notes
Turn   | Place    | Note
--------------------------------------------------------------
     0 | D:1      | nono the Deep Dwarf Fighter began the quest for the Orb.
     0 | D:1      | Reached XP level 1. HP: 20/20 MP: 1/1
    41 | D:1      | Reached XP level 2. HP: 20/27 MP: 2/2
   655 | D:2      | Reached XP level 3. HP: 16/33 MP: 3/3
   922 | D:2      | Reached XP level 4. HP: 34/40 MP: 4/4
   944 | D:2      | Found a shattered altar of Ashenzari.
  1194 | D:3      | Noticed Zhenya25pyc's ghost (amateur GrFi)
  1212 | D:3      | HP: 1/40 [Zhenya25pyc's ghost (2)]
  1319 | D:3      | Reached XP level 5. HP: 28/46 MP: 4/4
  1322 | D:3      | HP: 1/46 [orc priest/divine providence (14)]
  1370 | D:4      | Noticed Menkaure
  1389 | D:4      | Killed Menkaure
  1389 | D:4      | Reached skill level 5 in Armour
  1389 | D:4      | Reached skill level 5 in Shields
  1389 | D:4      | Reached XP level 6. HP: 15/55 MP: 5/5
  1434 | D:4      | Found a basalt altar of Yredelemnul.
  1650 | D:4      | Reached skill level 5 in Axes
  1735 | D:4      | Noticed Grinder
  1757 | D:4      | Paralysed by Grinder for 6 turns
  1773 | D:4      | Killed Grinder
  1773 | D:4      | Reached XP level 7. HP: 12/61 MP: 4/4
  2104 | D:5      | Entered Level 5 of the Dungeon
  2273 | D:5      | Found a glowing drain.
  2287 | Sewer    | Entered a sewer
  2529 | Sewer    | Reached XP level 8. HP: 42/68 MP: 4/4
  2954 | D:5      | Noticed Edmund
  2976 | D:5      | Killed Edmund
  3017 | D:5      | Found a staircase to the Ecumenical Temple.
  3026 | Temple   | Entered the Ecumenical Temple
  3061 | Temple   | Became a worshipper of Makhleb the Destroyer
  3441 | D:6      | Found a shadowy altar of Dithmenos.
  3991 | D:7      | Noticed Pikel
  4011 | D:7      | Reached * piety under Makhleb
  4024 | D:7      | HP: 2/68 [Pikel/whip of flaming (6)]
  4031 | D:7      | Killed Pikel
  4031 | D:7      | Gained mutation: You passively map the area around you. [Deep Dwarf growth]
  4031 | D:7      | Reached XP level 9. HP: 18/74 MP: 4/4
  4139 | D:7      | Found an opulent altar of Gozag.
  4139 | D:7      | Found a glowing golden altar of the Shining One.
  4149 | D:7      | Found a white marble altar of Elyvilon.
  4149 | D:7      | Found a snail-covered altar of Cheibriados.
  4149 | D:7      | Found an iron altar of Okawaru.
  4149 | D:7      | Found a sacrificial altar of Ru.
  4150 | D:7      | Found a blossoming altar of Fedhas.
  4152 | D:7      | Found a glowing silver altar of Zin.
  4154 | D:7      | Found an ancient bone altar of Kikubaaqudgha.
  4615 | D:7      | Reached ** piety under Makhleb
  5055 | D:8      | Found a sand-covered staircase.
  5060 | Ossuary  | Entered an ossuary
  5372 | D:8      | Reached XP level 10. HP: 42/81 MP: 5/5
  5546 | D:8      | Reached *** piety under Makhleb
  5698 | D:8      | Slain by a boulder beetle

Vault maps used:
D:1:      dpeg_arrival_round_c
D:2:      ashenzari_altar_1, minmay_misc_feat_nine_boxes
D:3:      first_bread, dk_xom_monty_hall
D:4:      yredelemnul_altar_generic, st_stairs_7, uniq_menkaure, uniq_grinder
D:5:      minmay_temple_entry_poolview, gup_sewer_entry_pipe, hex_tiny,
          uniq_edmund
D:6:      lemuel_doored_altar
D:7:      minitemple, grunt_livestock, uniq_pikel
D:8:      boulder_indie, enter_ossuary_5
Temple:   jpeg_temple_alley_garden_8
Sewer:    sewer_minmay_w
Ossuary:  ossuary_crypta

Skill      XL: |  1  2  3  4  5  6  7  8  9 |
---------------+----------------------------+-----
Axes           | 3 4 5 6 8 9 |  9.7
Shields        | 4 5 6 8 9 |  9.8
Armour         | 4 5 6 8 9 |  9.8
Fighting       | |  2.6

Action                   |  1- 3 |  4- 6 |  7- 9 | 10-12 || total
-------------------------+-------+-------+-------+-------++-------
Melee: War axe           |   121 |   174 |    28 |       ||   323
       Short sword       |       |       |   633 |    72 ||   705
Invok: Lesser Servant of |       |       |       |     1 ||     1
 Abil: Device Recharging |       |     3 |     2 |       ||     5
Evoke: Wand              |     1 |    11 |    14 |       ||    26
  Use: Scroll            |       |     1 |    12 |       ||    13
       Potion            |       |       |     4 |       ||     4
  Eat: Chunk             |       |     3 |    14 |     1 ||    18
Armor: Scale mail        |    65 |    79 |   314 |    21 ||   479
Dodge: Dodged            |    32 |    49 |   239 |    21 ||   341
Block: Shield            |    67 |    93 |   506 |    47 ||   713
